 Dungeon Crawl Stone Soup version 0.26-a0-837-g5a8a614f01 (webtiles) character file.

Game seed: 10588395748754530718

293 Morbidden the Sneak (level 6, 28/48 HPs)
             Began as a Demonspawn Brigand on Nov 18, 2020.
             Quit the game on level 3 of the Dungeon.
             The game lasted 00:03:07 (3051 turns).

Morbidden the Sneak (Demonspawn Brigand)            Turns: 3051, Time: 00:03:07

Health: 28/48      AC: 12    Str: 13    XL:     6   Next: 11%
Magic:  6/6        EV:  3    Int: 13    God:
Gold:   210        SH:  0    Dex: 14    Spells: 5/5 levels left

rFire    . . .     SeeInvis .   r - +1 short sword (venom)
rCold    . . .     Faith    .   (no shield)
rNeg     . . .     Spirit   .   i - +1 plate armour {MR+}
rPois    .         Reflect  .   (helmet restricted)
rElec    .         Harm     .   c - +0 cloak
rCorr    .         Rampage  .   (no gloves)
MR       +....                  (no boots)
Stlth    ..........             (no amulet)
HPRegen  0.16/turn              p - ring of wizardry
MPRegen  0.10/turn              (no ring)

@: corroded
A: antennae 1, iridescent scales 2
a: no special abilities


You were on level 3 of the Dungeon.
You visited 1 branch of the dungeon, and saw 3 of its levels.

You collected 210 gold pieces.

Inventory:

Hand Weapons
 a - a +2 dagger
 r - a +1 short sword of venom (weapon)
Missiles
 d - 22 poisoned darts (quivered)
 e - 2 curare-tipped darts
Armour
 c - a +0 cloak (worn)
 i - a +1 plate armour of magic resistance (worn)
Jewellery
 p - a ring of wizardry (left hand)
Wands
 n - a wand of acid (5)
 o - a wand of enslavement (11)
Scrolls
 f - a scroll of remove curse {unknown}
 k - 5 scrolls of identify {unknown}
 l - a scroll of fog {unknown}
 m - a scroll of amnesia {unknown}
 q - a scroll of fear {unknown}
Potions
 b - a potion of haste {unknown}
 g - a potion of mutation {unknown}
 h - 2 potions of curing {unknown}
 j - a potion of heal wounds {unknown}


   Skills:
 * Level 3.8 Fighting
 + Level 3.6 Short Blades
 + Level 2.1 Throwing
 + Level 2.0 Armour
 + Level 1.2 Dodging
 + Level 4.2 Stealth


You had 5 spell levels left.
You didn't know any spells.
Your spell library contained the following spells:

 Spells                   Type           Power        Failure   Level
 Magic Dart               Conj           #...         100%        1
 Searing Ray              Conj           #.....       100%        2
 Dazzling Flash           Conj/Hex       #.....       100%        3
 Fulminant Prism          Conj/Hex       #.........   100%        4
 Iskenderun's Mystic Bla  Conj/Tloc      #.......     100%        4


Dungeon Overview and Level Annotations

Branches:
Dungeon (3/15)

Altars:
Dithmenos
Kikubaaqudgha
Xom
Zin


Innate Abilities, Weirdness & Mutations

You have a pair of small antennae on your head.
You are mostly covered in iridescent scales. (AC +4)


Message History

You hit the jelly but do no damage. The acid corrodes you!
Your hands burn!
The jelly is severely wounded.
The jelly hits you but does no damage.
A jelly is nearby!
You hit the jelly.
Your hands burn!
The jelly is almost dead.
The jelly completely misses you.
You hit the jelly but do no damage.
Your hands burn!
The jelly is almost dead.
The jelly hits you but does no damage.
A jelly is nearby!
You hit the jelly.
You kill the jelly!
Your Armour skill increases to level 2!
You have reached level 6!
Your experience leads to an increase in your attributes!
Increase (S)trength, (I)ntelligence, or (D)exterity?
You feel stronger.
Your demonic ancestry asserts itself...
A pair of antennae grows on your head!
Are you sure you want to abandon this character and quit the game? (Confirm with "yes".)

####.#####..## #.#.#
#......###
...........(.####.#.#
#######.#.
.###..####..........# ##.#
.# ##.# ##..####.###### #.#
.# #.# #..# #.##...## #.#
.# #.# #..####.#.....## #(#
.# #.# #....##........##
#># .####.#
#.##.##.........# #)#
......#####.....@...<.....#
##.#
..........(.##.##.........#
#..#
####........##.##........##
#.##
#.#########.##.#.....## #.#
#.# #.##.##...## #.# #.#
#.##..##.## #.# #.##
#.#.......# #.# #..#
####')'#### #.## ##.#
##...## #..#


There were no monsters in sight!

Vanquished Creatures
  An ogre (D:3)
  3 jellies (D:3)
  2 adders
  6 oozes
  2 leopard geckos (D:3)
  An orc (D:3)
  2 giant cockroaches
  3 goblins
  5 hobgoblins
  20 jackals
  12 kobolds
  2 quokkas (D:3)
  6 bats
  5 frilled lizards
  3 rats
73 creatures vanquished.

Vanquished Creatures (others)
  10 fungi (D:3)
  7 toadstools (D:3)
17 creatures vanquished.

Grand Total: 90 creatures vanquished

Notes
Turn   | Place    | Note
-------+----------+-------------------------------------------
     0 | D:1      | Morbidden the Demonspawn Brigand began the quest for the
                  | Orb.
     0 | D:1      | Reached XP level 1. HP: 16/16 MP: 1/1
   728 | D:1      | Gained mutation: You are partially covered in iridescent
                  | scales. (AC +2) [demonic ancestry]
   728 | D:1      | Reached XP level 2. HP: 20/22 MP: 2/2
   794 | D:2      | Found a glowing silver altar of Zin.
  1087 | D:2      | Reached XP level 3. HP: 28/28 MP: 3/3
  1106 | D:2      | Reached skill level 4 in Stealth
  1200 | D:2      | Reached skill level 1 in Dodging
  1613 | D:3      | Found an ancient bone altar of Kikubaaqudgha.
  1701 | D:3      | Noticed an ogre
  1712 | D:3      | Killed an ogre
  1713 | D:3      | Reached XP level 4. HP: 25/35 MP: 4/4
  1713 | D:3      | Gained mutation: You are mostly covered in iridescent
                  | scales. (AC +4) [demonic ancestry]
  1713 | D:3      | Reached XP level 5. HP: 29/41 MP: 5/5
  1847 | D:3      | Reached skill level 1 in Armour
  1860 | D:3      | Found a shadowy altar of Dithmenos.
  1863 | D:3      | Found a shimmering altar of Xom.
  3051 | D:3      | Gained mutation: You have a pair of small antennae on your
                  | head. [demonic ancestry]
  3051 | D:3      | Reached XP level 6. HP: 28/48 MP: 6/6
  3051 | D:3      | Quit the game

Illustrated notes

Levels and vault maps discovered:
D:1:      mrwooster_arrival_statue_3, layout_basic, grunt_decor_mini_mirrors,
          roderic_st_hans_cross, serial_bayou_pond_a
D:2:      layout_basic, old_standard_altar
D:3:      cheibrodos_fertilizer, layout_loops_ring, kiku_gazebo_garden_becter,
          grunt_temple_overflow_open

Skill      XL: |  1  2  3  4  5 |
---------------+----------------+-----
Short Blades   | 2 3 |  3.6
Throwing       | 2 |  2.1
Stealth        | 4 |  4.2
Dodging        | 1 |  1.2
Fighting       | 3 |  3.8
Armour         | 2 |  2.0

Action                   |  1- 3 |  4- 6 || total
-------------------------+-------+-------++-------
Melee: Dagger            |   179 |    35 ||   214
       Short sword       |       |    79 ||    79
Evoke: Wand              |     2 |       ||     2
 Stab: Sleeping          |     1 |       ||     1
Armor: Robe              |     9 |       ||     9
       Plate armour      |   176 |    94 ||   270
Dodge: Dodged            |    41 |    24 ||    65

Table legend: (Time is in decaauts)
 A = Elapsed time spent in this place.
 B = Non-inter-level travel time spent in this place.
 C = Inter-level travel time spent in this place.
 D = Time resting spent in this place.
 E = Time spent auto-exploring this place.
 F = Levels seen in this place.
 G = Mean time per level.
                   A        B        C        D        E       F      G
               +--------+--------+--------+--------+--------+-----+--------+
         Total |   3020 |   2993 |     27 |    282 |   2172 |   3 | 1006.7 |
       Dungeon |   3020 |   2993 |     27 |    282 |   2172 |   3 | 1006.7 |
               +--------+--------+--------+--------+--------+-----+--------+

Top non-repeatable levels by time:
     D:3: 1426 daAuts
     D:2: 827 daAuts
     D:1: 765 daAuts
